Cogmind - Beta 14 @@@ ROGUE MODE // 2024.09.20 @ 13:40:46 Player: sionia Result: Destroyed by D-53 Grenadier with Mini Grenade Launcher Performance ------------- Evolutions (1) 500 Regions Visited (3) 600 Robots Destroyed (31) 155 Value Destroyed (753) 753 Prototype IDs (1) 20 Alien Tech Used (0) 0 Bonus (0) 0 TOTAL SCORE: 2028 Bonus ------- None Cogmind --------- Core Integrity 0/400 Matter 261/300 Energy 12/100 System Corruption 0% Temperature Warm (121) Movement Core (400) Ox7 Location -9/Mines Parts ------- > --- POWER (1) -------- (None) > --- PROPULSION (4) --- (None) > --- UTILITY (2) ------ Large Storage Unit > --- WEAPON (2) ------- Advanced Beam Cannon > --- INVENTORY (15) --- Ion Engine Aluminum Leg Heat Sink Heat Sink Large Storage Unit Large Battery (200) Weight Redist. System Improved Sensor Array Improved Sensor Array Tractor Beam Datajack Mining Laser Peak State ------------ > --- POWER ------------ Light Nuclear Core > --- PROPULSION ------- Aluminum Leg Aluminum Leg Aluminum Leg Aluminum Leg > --- UTILITY ---------- Large Storage Unit Hacking Suite > --- WEAPON ----------- Advanced Beam Cannon Advanced Beam Cannon > --- INVENTORY -------- Ion Engine Light Treads Heat Sink Heat Sink Heat Sink Large Storage Unit Large Battery Weight Redist. System Improved Sensor Array Improved Sensor Array Tractor Beam Advanced Beam Cannon Advanced Beam Cannon Datajack Mining Laser [Rating: 19] Favorites ----------- Power Light Nuclear Core Engine Ion Engine Power Core Light Nuclear Core Propulsion Aluminum Leg Treads Light Treads Leg Aluminum Leg Utility Large Storage Unit Device Heat Sink Storage Large Storage Unit Hackware Hacking Suite Weapon Advanced Beam Cannon Energy Gun EM Pulse Gun Energy Cannon Advanced Beam Cannon Ballistic Gun Assault Rifle Launcher Missile Launcher Special Melee Weapon Datajack Build | -11 -10 -9 -9 ------- Run | Yrd Mat Mat Min Slots Evolved 2 | . . 2 . Power . | . . . . Propulsion 2 | . . 2 . Utility . | . . . . Weapon . | . . . . Parts Attached 39 | 9 18 7 5 Power 2 | 1 1 . . Engine 1 | 1 . . . Core 1 | . 1 . . Reactor . | . . . . Propulsion 14 | 4 5 5 . Treads 2 | 2 . . . Leg 12 | 2 5 5 . Wheel . | . . . . Hover . | . . . . Flight . | . . . . Utility 5 | 1 3 1 . Device 2 | . 2 . . Storage 2 | 1 1 . . Processor . | . . . . Hackware 1 | . . 1 . Protection . | . . . . Artifact . | . . . . Weapon 18 | 3 9 1 5 Energy Gun 2 | 1 1 . . Energy Cannon 10 | . 6 1 3 Ballistic Gun 2 | 2 . . . Ballistic Cannon . | . . . . Launcher 2 | . . . 2 Special Weapon . | . . . . Impact Weapon . | . . . . Slashing Weapon . | . . . . Piercing Weapon . | . . . . Special Melee Weapon 2 | . 2 . . Unidentified Prototypes 1 | . 1 . . Parts Lost 13 | . 2 1 10 Power 1 | . . . 1 Propulsion 5 | . . 1 4 Utility 2 | . 1 . 1 Weapon 5 | . 1 . 4 Highest Loss Streak 10 | . 1 1 10 To Critical Strikes . | . . . . Average Slot Usage (%) 97 | . 99 93 85 Engine 5 | . 7 . . Core 7 | . 6 11 7 Leg 30 | . 28 38 36 Device 10 | . 13 4 . Storage 13 | . 14 11 11 Hackware 1 | . . 6 9 Energy Gun 1 | . 1 . . Energy Cannon 17 | . 15 22 18 Ballistic Gun 5 | . 8 . . Special Melee Weapon 1 | . 2 . . Peak Build Rating 19 | 6 15 19 19 Average Rating 12 | 4 11 17 16 On Entrance 10 | . 6 15 19 Naked Turns . | . . . . Heaviest Build 37 | 14 34 34 37 Greatest Support 40 | 20 20 40 40 Greatest Overweight (x) 2 | 2 1 1 . Average Overweight (x) . | . . . . Largest Inventory Capacity 15 | 8 15 15 15 Average Capacity 14 | 7 14 15 15 Most Carried 15 | 5 15 15 15 Average Carried 12 | 3 12 14 14 Final Capacity 15 | 8 15 15 15 Final Carried 15 | 4 15 15 12 Class Distribution -------------------- 76% | Mutant 23% | Scavenger-Mutant Dominant Class ---------------- Mutant | -10/Materials Scavenger-Mutant | -9/Materials Mutant | -9/Mines Resources | -11 -10 -9 -9 ----------- Run | Yrd Mat Mat Min Matter Collected 725 | 197 458 70 . Remotely . | . . . . Salvage Created 1032 | . 758 274 . Parts 59 | . 41 18 . Haulers Intercepted 1 | . 1 . . Recyclers Shooed 9 | . 9 . . Parts Field Recycled . | . . . . Retrieved Matter . | . . . . Parts Self-Destructed . | . . . . Prevented . | . . . . Kills | -11 -10 -9 -9 ------- Run | Yrd Mat Mat Min Combat Hostiles Destroyed 17 | . 8 9 . Guns 2 | . 2 . . Cannons 14 | . 5 9 . Classes Destroyed 9 | . 7 2 . Worker 4 | . 4 . . Builder 1 | . 1 . . Hauler 1 | . 1 . . Recycler 3 | . 3 . . Mechanic 1 | . 1 . . Operator 1 | . . 1 . Watcher 3 | . 3 . . Swarmer 4 | . . 4 . Grunt 13 | . 8 5 . Best Kill Streak 3 | . 3 3 . Combat Bots Only 3 | . 2 3 . Max Kills in Single Turn 1 | . 1 1 . Gunslinging . | . . . . Exploded . | . . . . Melee . | . . . . Uniques/NPCs Destroyed . | . . . . Combat | -11 -10 -9 -9 -------- Run | Yrd Mat Mat Min Hostile Shots Fired 148 | . 72 47 29 Missed 33 | . 19 13 1 Damage Taken 2290 | . 779 329 1182 Core 516 | . 111 59 346 Absorbed by Shields . | . . . . Core Remaining (%) 77 | 100 55 . . Volleys Fired 116 | . 86 22 8 Largest 2 | . 2 2 2 Hottest 136 | . 136 136 136 Shots Fired 228 | . 172 43 13 Gun 72 | . 72 . . Cannon 153 | . 100 43 10 Launcher 3 | . . . 3 Special . | . . . . Kinetic 72 | . 72 . . Thermal 127 | . 74 43 10 Explosive 3 | . . . 3 Electromagnetic 26 | . 26 . . Robot Hit Streak 10 | . 10 6 2 Robot Miss Streak 6 | . 4 6 2 Penetration Max . | . . . . Secondary Targets . | . . . . Shots Hit Robots 121 | . 94 21 6 Core Hits 50 | 1 30 11 8 Critical Kills 1 | . 1 . . Critical Parts Destroyed . | . . . . Critical Strikes 3 | . 3 . . Meltdown 1 | . 1 . . Corrupt 2 | . 2 . . Melee Attacks 6 | . 6 . . Impact . | . . . . Slashing . | . . . . Piercing . | . . . . Sneak Attacks 5 | . 5 . . Combat Hostiles . | . . . . Follow-up Attacks . | . . . . Damage Inflicted 2115 | 10 1493 431 181 Guns 583 | . 583 . . Cannons 1391 | . 819 431 141 Explosions 119 | . 79 . 40 Melee . | . . . . Ramming 22 | 10 12 . . Kinetic 583 | . 583 . . Thermal 1062 | . 490 431 141 Explosive 40 | . . . 40 Electromagnetic 408 | . 408 . . Impact . | . . . . Slashing . | . . . . Piercing . | . . . . Highest Corruption . | . . . . Average Corruption . | . . . . Corruption Purged . | . . . . Corruption Blocked . | . . . . Overload Shots . | . . . . Overflow Damage 21 | . 21 . . Projectiles 20 | . 20 . . Explosions 1 | . 1 . . Melee . | . . . . Knockbacks . | . . . . Impact . | . . . . Kinetic . | . . . . Secondary . | . . . . Self-Inflicted Damage 61 | . 56 . 5 Shots 2 | . 1 . 1 Rammed . | . . . . Targets Rammed 7 | 5 2 . . Kicked 7 | 5 2 . . Crushed . | . . . . Highest Temperature 444 | . 444 387 177 Average Temperature 107 | . 103 119 91 Received Heat Transfer 540 | . 429 111 . Effects 6 | . 1 5 . Energy Bleed 1 | . . 1 . Interference 2 | . . 2 . Short Circuit 1 | . . 1 . Damage (minor) 2 | . 1 1 . Siege Activations . | . . . . Robots Corrupted . | . . . . Combat Hostiles . | . . . . Parts Fried 3 | . 3 . . Impact Corruptions . | . . . . Robots Melted 1 | . 1 . . Combat Hostiles 1 | . 1 . . Parts Melted 5 | . 2 3 . Heat Transferred 1926 | . 890 777 259 Parts Sabotaged . | . . . . Parts Stolen . | . . . . Parts Stripped . | . . . . Power Chain Reactions 1 | . 1 . . Alert | -11 -10 -9 -9 ------- Run | Yrd Mat Mat Min Peak Influence 402 | . 104 402 139 Initial 133 | . . 10 133 Average 78 | . 37 219 120 Maximum Alert Level 2 | . . 2 . Low Security (%) 81 | 100 100 17 100 Level 1 17 | . . 80 . Level 2 . | . . 1 . Level 3 . | . . . . Level 4 . | . . . . Level 5 . | . . . . High Security . | . . . . Max Security . | . . . . Squads Dispatched 1 | . 1 . . Investigation 1 | . 1 . . Extermination . | . . . . Reinforcement . | . . . . Assault . | . . . . Garrison . | . . . . Intercept . | . . . . Searches Triggered . | . . . . Construction Impeded . | . . . . Haulers Reinforced . | . . . . Active Scanning Responses . | . . . . Cargo Convoy Interrupts . | . . . . Stealth | -11 -10 -9 -9 --------- Run | Yrd Mat Mat Min Distress Signals 3 | . 1 2 . Communications Jammed . | . . . . Distress Signals . | . . . . Times Spotted 43 | . 18 23 2 Peak Tracking Total 5 | . 3 5 2 Tactical Retreats 4 | . 1 3 . Traps | -11 -10 -9 -9 ------- Run | Yrd Mat Mat Min Traps Triggered 1 | . 1 . . Indirectly . | . . . . Trap Hack Attempts . | . . . . Triggered . | . . . . Disarmed . | . . . . Reprogrammed . | . . . . Reused . | . . . . Traps Extracted . | . . . . Installed . | . . . . Triggered . | . . . . Machines | -11 -10 -9 -9 ---------- Run | Yrd Mat Mat Min Machines Disabled 10 | . 6 4 . Max in Single Turn 2 | . 1 2 . Machines Repaired . | . . . . Machines Dismantled . | . . . . Machines Sabotaged . | . . . . Overloaded Fab Kills . | . . . . Hacking | -11 -10 -9 -9 --------- Run | Yrd Mat Mat Min Machines Accessed 5 | . 4 1 . Terminals 5 | . 4 1 . Fabricators . | . . . . Repair Stations . | . . . . Recycling Units . | . . . . Scanalyzers . | . . . . Garrison Access . | . . . . Total Hacks 14 | . 11 3 . Successful 6 | . 5 1 . Failed 8 | . 6 2 . Catastrophic . | . . . . Database Lockouts . | . . . . Manual 2 | . 2 . . Terminals 14 | . 11 3 . Fabricators . | . . . . Repair Stations . | . . . . Recycling Units . | . . . . Scanalyzers . | . . . . Garrison Access . | . . . . Terminal Hacks 6 | . 5 1 . Record 2 | . 2 . . Alert Level 1 | . 1 . . Locate Traps 1 | . 1 . . Dispatch Records 1 | . . 1 . Surveillance Status 1 | . 1 . . Fabricator Hacks . | . . . . Repair Station Hacks . | . . . . Recycling Unit Hacks . | . . . . Scanalyzer . | . . . . Garrison Access Hacks . | . . . . Unauthorized Hacks . | . . . . Terminals . | . . . . Fabricators . | . . . . Repair Stations . | . . . . Recycling Units . | . . . . Scanalyzers . | . . . . Garrison Access . | . . . . Data Cores Recovered 1 | . . 1 . Used . | . . . . Hacking Detections 2 | . 1 1 . Full Trace Events 1 | . . 1 . Feedback Events . | . . . . Feedback Blocked . | . . . . Robot Schematics Acquired . | . . . . Robots Built . | . . . . Authchips . | . . . . Time . | . . . . Total Robot Build Rating . | . . . . Part Schematics Acquired . | . . . . Parts Built . | . . . . Authchips . | . . . . Time . | . . . . Total Part Build Rating . | . . . . Parts Repaired . | . . . . Time . | . . . . Parts Recycled . | . . . . Recycled Matter . | . . . . Retrieved Matter . | . . . . Retrieved Components . | . . . . Parts Scanalyzed . | . . . . Part Schematics Acquired . | . . . . Parts Damaged . | . . . . Bothacking | -11 -10 -9 -9 ------------ Run | Yrd Mat Mat Min Used RIF Installer . | . . . . Robots Hacked 4 | . 4 . . Non-combat 3 | . 3 . . Combat 1 | . 1 . . Robot Hacks Applied 5 | . 5 . . parse_system 3 | . 3 . . no_distress 2 | . 2 . . Relay Couplers Released . | . . . . Fabnet Peak Effective % . | . . . . Robots Rewired . | . . . . Allies Hacked . | . . . . Hacks Repelled . | . . . . Allies | -11 -10 -9 -9 -------- Run | Yrd Mat Mat Min Total Allies . | . . . . Largest Group . | . . . . Highest-Rated Group . | . . . . Highest-Rated Ally . | . . . . Total Orders . | . . . . Ally Attacks . | . . . . Total Damage . | . . . . Kills . | . . . . Allies Corrupted . | . . . . Allies Melted . | . . . . Intel | -11 -10 -9 -9 ------- Run | Yrd Mat Mat Min Robot Analysis Total . | . . . . Derelict Logs Recovered . | . . . . Drone Launches . | . . . . Drone Recoveries . | . . . . Exploration | -11 -10 -9 -9 ------------- Run | Yrd Mat Mat Min Turns Passed 3515 | 125 2517 779 94 Spaces Moved 1623 | 93 1172 304 54 Core 24 | 24 . . . Treads 1 | 1 . . . Legs 1598 | 68 1172 304 54 Wheels . | . . . . Hover . | . . . . Flight . | . . . . Fastest Speed 50 | 50 120 120 120 Average Speed 168 | 107 179 151 120 Slowest Speed 190 | 160 190 190 120 Overloaded Moves . | . . . . Propulsion Burnouts . | . . . . Robots Hopped . | . . . . Cave-ins Triggered . | . . . . Exploration Rate (%) 36 | 4 97 28 17 Regions Visited 3 Branch Regions 1 Pre-discovered Areas . | . . . . Known Exits Taken . | . . . . Unknown Exits Taken 3 | 1 1 1 . Scrap Searched 1 | . . . 1 Spaces Dug . | . . . . Terrain Destroyed 56 | . 3 9 44 Melee . | . . . . Projectile 3 | . . . 3 AOE 53 | . 3 9 41 Terrain Rammed . | . . . . Walls Destroyed . | . . . . Machines Disabled . | . . . . Actions | -11 -10 -9 -9 --------- Run | Yrd Mat Mat Min Total 2182 | 117 1414 583 68 Wait 317 | . 82 234 1 Move 1620 | 92 1171 303 54 Hop . | . . . . Pick Up 43 | 8 27 8 . Fast Attach 7 | 2 3 2 . Attach 17 | 7 6 1 3 Detach 5 | 3 2 . . Swap 15 | . 9 4 2 Drop 29 | . 20 9 . Fire 116 | . 86 22 8 Melee 6 | . 6 . . Ram . | . . . . Kick 7 | 5 2 . . Crush . | . . . . Escape Stasis . | . . . . Rewire . | . . . . Trap . | . . . . Miscellaneous . | . . . . Route ------- -11/Scrapyard -10/Materials (discovered 6 exits: *Mat x3 / [*Min x2] / [*Sub]) -9/Materials -9/Mines History --------- Turn | Location | Event 9 | -11/Scrapyard | Discovered new exit (range 16) 126 | -11/Scrapyard | Entered Materials 218 | -10/Materials | Discovered new exit (range 14) 268 | -10/Materials | Discovered new exit (range 13) 315 | -10/Materials | Build established: Mutant 1390 | -10/Materials | Discovered new exit (range 6) 1462 | -10/Materials | Discovered new exit (range 6) 1751 | -10/Materials | Discovered new exit (range 15) 2260 | -10/Materials | Discovered new exit (range 14) 2643 | -10/Materials | Entered another Materials area 2643 | -9/Materials | Evolved 2 slots: Propulsion x2 2942 | -9/Materials | Build established: Scavenger-Mutant 3377 | -9/Materials | Discovered new exit (range 13) 3422 | -9/Materials | Entered Mines 3470 | -9/Mines | Assembled infested the area 3506 | -9/Mines | Core integrity fell below 50% 3512 | -9/Mines | Core integrity fell below 20% 3516 | -9/Mines | Destroyed by D-53 Grenadier with Mini Grenade Launcher Last Messages --------------- 03482_ D-53 Grenadier unfolds itself. 03482_ R-06 Scavenger destroyed. 03483_ U-05 Engineer lays Concrete. 03484_ U-05 Engineer builds a Wall. 03484_ U-05 Engineer destroyed. 03486_ T-07 Excavator destroyed. 03486_ Lgt. Nuclear Core destroyed. 03488_ Missile Launcher destroyed. 03488_ Aluminum Leg destroyed. 03492_ Missile Launcher destroyed. 03496_ The unstable cave ceiling collapses. 03500_ Aluminum Leg destroyed. 03501_ The unstable cave ceiling collapses. 03502_ Hacking Suite destroyed. 03504_ The unstable cave ceiling collapses. 03505_ Aluminum Leg destroyed. 03508_ The unstable cave ceiling collapses. 03508_ Adv. Beam Cannon destroyed. 03511_ The unstable cave ceiling collapses. 03513_ Adv. Beam Cannon destroyed. Map ----- +----------------------------------------------------+ | | | | | | | ?????????????????????????????????????????????????? | | ???????????##????????????????????????????????????? | | ??????????## ##??????????????????????????????????? | | ??????????# ##?????????????????????????????????? | | ???????????# #####?????????????????????????????? | | ????????????# #?????????????????????????????? | | ???????????## #?????????????????????????????? | | ############ #?????? ??????????????????????? | | ###?????? ??????????????????????? | | !% ##???????" ??????????????????????? | | ########## ####?????" ??????????????????????? | | #????????## #????? ??????????????????????? | | #?????????### ### #????? ??????????????????????? | | #???????????## #?# #????? #??????????????????????? | | #????????????# #?# #????# #??????????????????????? | | ?????????????# ### ###??# #??????????????????????? | | ?????????????# #??# #??????????????????????? | | ?????????????####### ### ###????????????????????? | | ?????????????##### ##???????????????????? | | ?????????### # ## ##??????????????????? | | ?????????# #??????????????????? | | ?????????# #??????????????????? | | ?????? % d @ #??????????????????? | | ?????? d #??????????????????? | | ?????????# #??????????????????? | | ?????????# # # #??????????????????? | | ?????????######??### ????????????????? | | ???????????????????## ### ??????????????? | | ????????????????????#####??# ## ?????????????? | | ????????????????????????????# #?? #????????????? | | ????????????????????????????? #???###????????????? | | ??????????????????????????????#??????????????????? | | ?????????????????????????????????????????????????? | | ?????????????????????????????????????????????????? | | ?????????????????????????????????????????????????? | | ?????????????????????????????????????????????????? | | ?????????????????????????????????????????????????? | | ?????????????????????????????????????????????????? | | ?????????????????????????????????????????????????? | | ?????????????????????????????????????????????????? | | ?????????????????????????????????????????????????? | | ?????????????????????????????????????????????????? | | ?????????????????????????????????????????????????? | | ?????????????????????????????????????????????????? | | ?????????????????????????????????????????????????? | | ?????????????????????????????????????????????????? | | ?????????????????????????????????????????????????? | +----------------------------------------------------+ Best States ------------- Heat Dissipation 38 Energy Generation 14 Energy Capacity 250 Matter Stores 300 Matter Capacity 300 Sight Range 16 Terrain Scan Range 14 Terrain Scan Density 10 Evasion (%) 55 Offensive Hacking 10 Item Schematics ----------------- None Robot Schematics ------------------ None Fabricated ------------ Nothing Alien Tech Used ----------------- None Achievements -------------- None Challenges ------------ None Game ------ Seed ControlRocketAutobeam Manual? 0 Play Time 00:41:05 Cumulative 5.8 hours Start 2024.09.20 @ 12:51:41 End 2024.09.20 @ 13:40:46 Sessions 1 Manual Loads 0 Difficulty Rogue Special Mode None Game No. 14 Rogue 13 Adventurer 1 Explorer 0 Win Type - Total 0 Types 0/0/0/0/0/0/0/0/0 Lore% 3 Gallery% 8 Achievement% 11 Wizard Run 0 Options --------- Layout 1 ASCII 0 Keyboard 0 Movement Mouse Keybinds 0 Fullscreen 1 Font 32/SmallcapsGlow Map View 55x47 Zoom Use 0% Tactical HUD 1 Map Filters NONE Filters NONE Steam 1 RUN: ba51f478-d9ad-4c19-a313-6b19e4d1297d